TOP OF THE 1ST |
Baltimore (APP) Orioles batting - Pitching for Cleveland (APP) Indians : RHP Eugene Stott
|
Pitching: RHP Eugene Stott
|
|
Batting: RHB Danny Baeza
|
0-0: Foul Ball, location: 2F 0-1: Ball 1-1: Foul Ball, location: 2F 1-2: Foul Ball, location: 2F 1-2: Foul Ball, location: 2F 1-2: Ball 2-2: Fly out, F8 (Flyball, 89S, EV 96.2 MPH)
|
Batting: RHB Ray Sims
|
0-0: Called Strike 0-1: Ball 1-1: Ball 2-1: Foul Ball, location: 2F 2-2: Strikes out swinging
|
Batting: RHB Daniel Jackson
|
0-0: Called Strike 0-1: Ball 1-1: Ball 2-1: Fly out, F7 (Flyball, 7S, EV 91.2 MPH)
|
Top of the 1st over - 0 runs, 0 hits, 0 errors, 0 left on base; Baltimore (APP) 0 - Cleveland (APP) 0 |
BOTTOM OF THE 1ST |
Cleveland (APP) Indians batting - Pitching for Baltimore (APP) Orioles : RHP Chris McCurdy
|
Pitching: RHP Chris McCurdy
|
|
Batting: LHB John Harring
|
0-0: Fly out, F7 (Flyball, 7D, EV 100.0 MPH)
|
Batting: RHB Christian Blue
|
0-0: Ball 1-0: Foul Ball, location: 2F 1-1: Ball 2-1: Foul Ball, location: 2F 2-2: Ball 3-2: Foul Ball, location: 2F 3-2: Fly out, F9 (Flyball, 9, EV 76.9 MPH)
|
Batting: LHB Justin Rankin
|
0-0: Swinging Strike 0-1: SOLO HOME RUN (Flyball, 9D, EV 96.9 MPH), Distance : 396 ft
|
Batting: RHB Greg Harden
|
0-0: Called Strike 0-1: Called Strike 0-2: Ball 1-2: Strikes out swinging
|
Bottom of the 1st over - 1 run, 1 hit, 0 errors, 0 left on base; Baltimore (APP) 0 - Cleveland (APP) 1 |
TOP OF THE 2ND |
Baltimore (APP) Orioles batting - Pitching for Cleveland (APP) Indians : RHP Eugene Stott
|
Batting: LHB Justin Moore
|
0-0: SOLO HOME RUN (Flyball, 9D, EV 99.4 MPH), Distance : 397 ft
|
Batting: RHB Matt O'Dea
|
0-0: Called Strike 0-1: Ball 1-1: Ball 2-1: Foul Ball, location: 2F 2-2: Foul Ball, location: 2F 2-2: Foul Ball, location: 2F 2-2: Ball 3-2: Base on Balls
|
Batting: RHB Steve Jones
|
0-0: Ball 1-0: Ball 2-0: Fly out, F8 (Flyball, 8LD, EV 87.5 MPH)
|
Batting: LHB Tomas de Zeeuw
|
0-0: Ball 1-0: Swinging Strike 1-1: Swinging Strike 1-2: Ball 2-2: DOUBLE (Line Drive, 7LM, EV 106.9 MPH) Matt O'Dea to third
|
Batting: RHB Ismael Macedo
|
0-0: Foul Ball, location: 2F 0-1: Called Strike 0-2: Foul Ball, location: 2F 0-2: Foul Ball, location: 2F 0-2: Ground out U3 (Groundball, 34S, EV 92.5 MPH) Matt O'Dea scores Tomas de Zeeuw to third
|
Batting: RHB Matt Berrier
|
0-0: Ball 1-0: Ball Wild Pitch! Tomas de Zeeuw scores 2-0: Ball 3-0: Base on Balls
|
Batting: RHB Danny Baeza
|
0-0: Called Strike 0-1: Ball 1-1: SINGLE (Groundball, 34, EV 97.5 MPH) Matt Berrier to second Runner from 2nd tries for 3rd, SAFE, throw by RF made to third Danny Baeza to second
|
Batting: RHB Ray Sims
|
0-0: Swinging Strike Passed Ball! Matt Berrier scores Danny Baeza to third 0-1: Foul Ball, location: 2F 0-2: Foul Ball, location: 2F 0-2: Ball 1-2: Ball 2-2: Ball 3-2: Base on Balls
|
Batting: RHB Daniel Jackson
|
0-0: Fly out, F8 (Flyball, 8LM, EV 88.8 MPH)
|
Top of the 2nd over - 4 runs, 3 hits, 0 errors, 2 left on base; Baltimore (APP) 4 - Cleveland (APP) 1 |
BOTTOM OF THE 2ND |
Cleveland (APP) Indians batting - Pitching for Baltimore (APP) Orioles : RHP Chris McCurdy
|
Batting: RHB Nick Murray
|
0-0: Called Strike 0-1: Ball 1-1: Ball 2-1: Foul Ball, location: 2F 2-2: Ground out 4-3 (Groundball, 4, EV 96.9 MPH)
|
Batting: RHB Jeremy Givens
|
0-0: Ball 1-0: Ball 2-0: Bunted foul 2-1: Ball 3-1: Reached on error, E6 (Flyball, 6MD, EV 86.9 MPH)
|
Batting: RHB Ricky Cordova
|
0-0: Ball 1-0: Swinging Strike 1-1: TRIPLE (Groundball, 3L, EV 102.5 MPH) Jeremy Givens scores
|
Batting: RHB David Schweitzer
|
0-0: Called Strike 0-1: Called Strike 0-2: Ball 1-2: Foul Ball, location: 2F 1-2: Foul Ball, location: 2F 1-2: Ball 2-2: Ball 3-2: Strikes out swinging
|
Batting: RHB Matt Thompson
|
0-0: Foul Ball, location: 2F 0-1: Swinging Strike 0-2: Foul Ball, location: 2F 0-2: Fly out, F9 (Flyball, 9LD, EV 90.6 MPH)
|
Bottom of the 2nd over - 1 run, 1 hit, 1 error, 1 left on base; Baltimore (APP) 4 - Cleveland (APP) 2 |
TOP OF THE 3RD |
Baltimore (APP) Orioles batting - Pitching for Cleveland (APP) Indians : RHP Eugene Stott
|
Batting: LHB Justin Moore
|
0-0: Foul Ball, location: 2F 0-1: Called Strike 0-2: Strikes out swinging
|
Batting: RHB Matt O'Dea
|
0-0: Ball 1-0: Ball 2-0: Foul Ball, location: 2F 2-1: Ball 3-1: Foul Ball, location: 2F 3-2: Base on Balls
|
Batting: RHB Steve Jones
|
0-0: Called Strike 0-1: SINGLE (Line Drive, 6D, EV 103.8 MPH) Matt O'Dea to second Matt O'Dea to third
|
Batting: LHB Tomas de Zeeuw
|
0-0: Ball 1-0: Ball Passed Ball! Matt O'Dea scores Steve Jones to second 2-0: Ball 3-0: Called Strike 3-1: Ground out 6-3 (Groundball, 6D, EV 110.6 MPH)
|
Batting: RHB Ismael Macedo
|
0-0: Ball Wild Pitch! Steve Jones to third 1-0: Ball 2-0: Ball 3-0: Called Strike 3-1: Foul Ball, location: 2F 3-2: Strikes out swinging
|
Top of the 3rd over - 1 run, 1 hit, 0 errors, 1 left on base; Baltimore (APP) 5 - Cleveland (APP) 2 |
BOTTOM OF THE 3RD |
Cleveland (APP) Indians batting - Pitching for Baltimore (APP) Orioles : RHP Chris McCurdy
|
Batting: LHB John Harring
|
0-0: Fly out, F8 (Line Drive, 8LD, EV 88.8 MPH)
|
Batting: RHB Christian Blue
|
0-0: Called Strike 0-1: Fly out, F7 (Flyball, 7D, EV 96.2 MPH)
|
Batting: LHB Justin Rankin
|
0-0: Foul Ball, location: 2F 0-1: SINGLE (Flyball, 56D, EV 92.5 MPH)
|
Batting: RHB Greg Harden
|
0-0: SINGLE (Groundball, 56D, EV 106.9 MPH) Justin Rankin to second
|
Batting: RHB Nick Murray
|
0-0: SINGLE (Line Drive, 8LS, EV 101.2 MPH) Justin Rankin to third Greg Harden to second Runner from 3rd tries for Home, SAFE, throw by CF to home
|
Batting: RHB Jeremy Givens
|
0-0: Called Strike 0-1: Ball 1-1: TRIPLE (Flyball, 89XD, EV 98.8 MPH) Greg Harden scores Nick Murray scores
|
Batting: RHB Ricky Cordova
|
0-0: Ball 1-0: Called Strike 1-1: Ball 2-1: Foul Ball, location: 2F 2-2: Ground out 1-3 (Groundball, 13, EV 72.5 MPH)
|
Bottom of the 3rd over - 3 runs, 4 hits, 0 errors, 1 left on base; Baltimore (APP) 5 - Cleveland (APP) 5 |
TOP OF THE 4TH |
Baltimore (APP) Orioles batting - Pitching for Cleveland (APP) Indians : RHP Eugene Stott
|
Batting: RHB Matt Berrier
|
0-0: Ball 1-0: Swinging Strike 1-1: Ball 2-1: Ball 3-1: Called Strike 3-2: Foul Ball, location: 2F 3-2: Strikes out looking
|
Batting: RHB Danny Baeza
|
0-0: Swinging Strike 0-1: Ball 1-1: Ground out 6-3 (Groundball, 56D, EV 104.4 MPH)
|
Batting: RHB Ray Sims
|
0-0: Called Strike 0-1: Fly out, F8 (Flyball, 8LD, EV 89.4 MPH)
|
Top of the 4th over - 0 runs, 0 hits, 0 errors, 0 left on base; Baltimore (APP) 5 - Cleveland (APP) 5 |
BOTTOM OF THE 4TH |
Cleveland (APP) Indians batting - Pitching for Baltimore (APP) Orioles : RHP Chris McCurdy
|
Batting: RHB David Schweitzer
|
0-0: Called Strike 0-1: SINGLE (Line Drive, 4MD, EV 94.4 MPH)
|
Batting: RHB Matt Thompson
|
0-0: Called Strike 0-1: Hit by Pitch David Schweitzer to second
|
Batting: LHB John Harring
|
0-0: Ball 1-0: Ball 2-0: Ball 3-0: Called Strike 3-1: Fielders Choice at 2nd, 6-4 (Groundball, 6, EV 103.1 MPH) David Schweitzer to third
|
Batting: RHB Christian Blue
|
0-0: Ball 1-0: Called Strike John Harring steals 2nd base (no throw) 1-1: Foul Ball, location: 2F 1-2: Ball 2-2: Ball 3-2: Base on Balls
|
Batting: LHB Justin Rankin
|
0-0: Called Strike 0-1: Hit by Pitch David Schweitzer scores John Harring to third Christian Blue to second
|
Batting: RHB Greg Harden
|
0-0: Called Strike 0-1: Called Strike 0-2: Ball 1-2: Fly out, F3 (Popup, 34, EV 81.9 MPH)
|
Batting: RHB Nick Murray
|
0-0: Swinging Strike 0-1: Ball 1-1: DOUBLE (Groundball, 5L, EV 106.2 MPH) John Harring scores Christian Blue scores Justin Rankin to third Runner from 3rd tries for Home, SAFE, throw by LF to home
|
Pitching: RHP Frank Caillouet
|
|
Batting: RHB Jeremy Givens
|
0-0: Called Strike 0-1: Swinging Strike 0-2: Ball 1-2: Ball 2-2: Foul Ball, location: 2F 2-2: Ball 3-2: Base on Balls
|
Batting: RHB Ricky Cordova
|
0-0: Called Strike 0-1: Foul Ball, location: 2F 0-2: Foul Ball, location: 2F 0-2: Strikes out swinging
|
Bottom of the 4th over - 4 runs, 2 hits, 0 errors, 2 left on base; Baltimore (APP) 5 - Cleveland (APP) 9 |
TOP OF THE 5TH |
Baltimore (APP) Orioles batting - Pitching for Cleveland (APP) Indians : RHP Eugene Stott
|
Batting: RHB Daniel Jackson
|
0-0: Called Strike 0-1: Called Strike 0-2: Foul Ball, location: 2F 0-2: Reached on error, E3 (Flyball, 3D, EV 86.9 MPH)
|
Batting: LHB Justin Moore
|
0-0: Ball Wild Pitch! Daniel Jackson to second 1-0: Ball Wild Pitch! Daniel Jackson to third 2-0: Fly out, F4 (Popup, 34S, EV 75.6 MPH)
|
Batting: RHB Matt O'Dea
|
0-0: Ball 1-0: Called Strike 1-1: Foul Ball, location: 2F 1-2: Ball 2-2: SINGLE (Flyball, 89S, EV 85.0 MPH) Daniel Jackson scores
|
Pitching: LHP Alcander Magos
|
|
Batting: RHB Steve Jones
|
0-0: Ball 1-0: Ball Passed Ball! Matt O'Dea to second 2-0: Ball 3-0: Base on Balls
|
Batting: LHB Tomas de Zeeuw
|
0-0: Called Strike 0-1: Fly out, F9 (Flyball, 89M, EV 82.5 MPH)
|
Batting: RHB Ismael Macedo
|
0-0: Ball 1-0: DOUBLE (Flyball, 78XD, EV 97.5 MPH) Matt O'Dea scores Steve Jones to third Runner from 3rd tries for Home, SAFE, throw by CF to trailing runner, SAFE at third!
|
Batting: RHB Matt Berrier
|
0-0: SINGLE (Groundball, 34, EV 100.0 MPH) Ismael Macedo scores
|
Batting: RHB Danny Baeza
|
0-0: Ball 1-0: Ball Passed Ball! Matt Berrier to second 2-0: Called Strike 2-1: Foul Ball, location: 2F 2-2: Ball 3-2: SINGLE (Groundball, 4M, EV 89.4 MPH) (infield hit) Matt Berrier to third
|
Batting: RHB Ray Sims
|
0-0: Ball Wild Pitch! Matt Berrier scores Danny Baeza to second 1-0: Ground out 6-3 (Groundball, 6S, EV 66.9 MPH)
|
Top of the 5th over - 5 runs, 4 hits, 1 error, 1 left on base; Baltimore (APP) 10 - Cleveland (APP) 9 |
BOTTOM OF THE 5TH |
Cleveland (APP) Indians batting - Pitching for Baltimore (APP) Orioles : RHP Frank Caillouet
|
Batting: RHB David Schweitzer
|
0-0: Ball 1-0: Ball 2-0: Foul Ball, location: 2F 2-1: Foul Ball, location: 2F 2-2: Foul Ball, location: 2F 2-2: Ball 3-2: Strikes out looking
|
Batting: RHB Matt Thompson
|
0-0: Swinging Strike 0-1: Ball 1-1: Ball 2-1: SINGLE (Groundball, 56S, EV 70.0 MPH) (infield hit)
|
Batting: LHB John Harring
|
0-0: Ball Matt Thompson is caught stealing 2nd base 2-6 1-0: SINGLE (Line Drive, 5D, EV 100.0 MPH)
|
Batting: RHB Christian Blue
|
0-0: Ball John Harring steals 2nd base (no throw) 1-0: Ball 2-0: Called Strike 2-1: Swinging Strike 2-2: Strikes out swinging
|
Bottom of the 5th over - 0 runs, 2 hits, 0 errors, 1 left on base; Baltimore (APP) 10 - Cleveland (APP) 9 |
TOP OF THE 6TH |
Baltimore (APP) Orioles batting - Pitching for Cleveland (APP) Indians : LHP Alcander Magos
|
Batting: RHB Daniel Jackson
|
0-0: Ball 1-0: Ball 2-0: Foul Ball, location: 2F 2-1: Foul Ball, location: 2F 2-2: DOUBLE (Line Drive, 9LM, EV 89.4 MPH)
|
Batting: LHB Justin Moore
|
0-0: Called Strike 0-1: Swinging Strike 0-2: Strikes out looking
|
Batting: RHB Matt O'Dea
|
0-0: Ball 1-0: Ball 2-0: Foul Ball, location: 2F 2-1: Ball 3-1: Fly out, F9 (Flyball, 9LM, EV 105.6 MPH)
|
Batting: RHB Steve Jones
|
0-0: Intentional Walk
|
Pitching: LHP Jordan Leon
|
|
Batting: LHB Tomas de Zeeuw
|
0-0: Ball 1-0: Called Strike 1-1: SINGLE (Groundball, 13S, EV 66.9 MPH) (infield hit) Daniel Jackson to third Steve Jones to second
|
Batting: RHB Ismael Macedo
|
0-0: Fly out, F9 (Flyball, 8RM, EV 90.6 MPH)
|
Top of the 6th over - 0 runs, 2 hits, 0 errors, 3 left on base; Baltimore (APP) 10 - Cleveland (APP) 9 |
BOTTOM OF THE 6TH |
Cleveland (APP) Indians batting - Pitching for Baltimore (APP) Orioles : RHP Frank Caillouet
|
Batting: LHB Justin Rankin
|
0-0: Ball 1-0: SINGLE (Groundball, 6S, EV 69.4 MPH) (infield hit)
|
Batting: RHB Greg Harden
|
0-0: Ball 1-0: Foul Ball, location: 2F 1-1: Foul Ball, location: 2F 1-2: Foul Ball, location: 2F 1-2: Foul Ball, location: 2F 1-2: Ball 2-2: Foul Ball, location: 2F 2-2: Ball 3-2: Base on Balls Justin Rankin to second
|
Pitching: LHP Randall Rennie
|
|
Batting: RHB Nick Murray
|
0-0: Ball 1-0: Ball 2-0: Swinging Strike 2-1: Called Strike 2-2: Ball Wild Pitch! Justin Rankin to third Greg Harden to second 3-2: Strikes out swinging
|
Batting: RHB Jeremy Givens
|
0-0: Called Strike 0-1: Ball 1-1: Ball 2-1: Ball 3-1: Foul Ball, location: 2F 3-2: Base on Balls
|
Batting: RHB Ricky Cordova
|
0-0: Ball 1-0: SINGLE (Groundball, 6M, EV 86.2 MPH) (infield hit) Justin Rankin scores Greg Harden to third Jeremy Givens to second
|
Batting: RHB David Schweitzer
|
0-0: Foul Ball, location: 2F 0-1: Swinging Strike 0-2: Foul Ball, location: 2F 0-2: SINGLE (Groundball, 6MD, EV 99.4 MPH) Greg Harden scores Jeremy Givens to third Ricky Cordova to second Runner from 3rd tries for Home, SAFE, throw by CF to home Ricky Cordova to third David Schweitzer to second
|
Batting: RHB Matt Thompson
|
0-0: Foul Ball, location: 2F 0-1: Foul Ball, location: 2F 0-2: Strikes out swinging
|
Batting: LHB John Harring
|
0-0: Foul Ball, location: 2F 0-1: Foul Ball, location: 2F 0-2: Strikes out looking
|
Bottom of the 6th over - 3 runs, 3 hits, 0 errors, 2 left on base; Baltimore (APP) 10 - Cleveland (APP) 12 |
TOP OF THE 7TH |
Baltimore (APP) Orioles batting - Pitching for Cleveland (APP) Indians : LHP Jordan Leon
|
Batting: RHB Matt Berrier
|
0-0: Ground out 6-3 (Groundball, 6, EV 101.9 MPH)
|
Batting: RHB Danny Baeza
|
0-0: Swinging Strike 0-1: Ball 1-1: Ball 2-1: Ball 3-1: Base on Balls
|
Batting: RHB Ray Sims
|
0-0: Called Strike 0-1: Ball 1-1: Called Strike 1-2: Fielders Choice at 2nd, 4-6 (Groundball, 4M, EV 88.8 MPH)
|
Batting: RHB Daniel Jackson
|
0-0: Ball 1-0: Ball 2-0: Ball 3-0: Base on Balls Ray Sims to second
|
Pitching: LHP Jordan Jimenez
|
|
Batting: LHB Justin Moore
|
0-0: Swinging Strike 0-1: Foul Ball, location: 2F 0-2: Foul Ball, location: 2F 0-2: Ball Passed Ball! Ray Sims to third Daniel Jackson to second 1-2: SINGLE (Groundball, 3D, EV 101.9 MPH) Ray Sims scores Daniel Jackson to third Runner from 3rd tries for Home, SAFE, throw by RF to home Justin Moore to second
|
Batting: RHB Matt O'Dea
|
0-0: Ball 1-0: Reached via error on a dropped throw from 3B, E3 (Groundball, 56, EV 103.8 MPH) Justin Moore to third
|
Batting: RHB Steve Jones
|
0-0: Ball Wild Pitch! Justin Moore scores Matt O'Dea to second 1-0: Intentional Walk
|
Batting: LHB Tomas de Zeeuw
|
0-0: Ball 1-0: Ball Passed Ball! Matt O'Dea to third Steve Jones to second 2-0: Called Strike 2-1: Fly out, F7 (Line Drive, 7, EV 91.2 MPH)
|
Top of the 7th over - 3 runs, 1 hit, 1 error, 2 left on base; Baltimore (APP) 13 - Cleveland (APP) 12 |
BOTTOM OF THE 7TH |
Cleveland (APP) Indians batting - Pitching for Baltimore (APP) Orioles : LHP Randall Rennie
|
Batting: RHB Christian Blue
|
0-0: Ground out 4-3 (Groundball, 34, EV 100.0 MPH)
|
Batting: LHB Justin Rankin
|
0-0: Swinging Strike 0-1: Foul Ball, location: 2F 0-2: Ball 1-2: Strikes out swinging
|
Batting: RHB Greg Harden
|
0-0: Ball 1-0: Foul Ball, location: 2F 1-1: Foul Ball, location: 2F 1-2: Ball 2-2: Ball 3-2: Foul Ball, location: 2F 3-2: Strikes out swinging
|
Bottom of the 7th over - 0 runs, 0 hits, 0 errors, 0 left on base; Baltimore (APP) 13 - Cleveland (APP) 12 |
TOP OF THE 8TH |
Baltimore (APP) Orioles batting - Pitching for Cleveland (APP) Indians : LHP Jordan Jimenez
|
Pitching: RHP Malachi Shelton
|
|
Batting: RHB Ismael Macedo
|
0-0: Ball 1-0: Ball 2-0: Ball 3-0: Called Strike 3-1: Base on Balls
|
Batting: RHB Matt Berrier
|
0-0: Called Strike 0-1: Ball 1-1: Sac Bunt to 13 - play at first, batter OUT! 1-4 Ismael Macedo to second
|
Batting: RHB Danny Baeza
|
0-0: Intentional Walk
|
Batting: RHB Ray Sims
|
0-0: Ball 1-0: Called Strike 1-1: DOUBLE (Line Drive, 8RXD, EV 101.9 MPH) Ismael Macedo scores Danny Baeza to third
|
Batting: RHB Daniel Jackson
|
0-0: Fly out, F8 (Flyball, 8RD, EV 96.9 MPH) Runner from 3rd tags up, SCORES, throw by CF
|
Batting: LHB Justin Moore
|
0-0: Intentional Walk
|
Batting: RHB Matt O'Dea
|
0-0: Foul Ball, location: 2F 0-1: Ball 1-1: SINGLE (Line Drive, 8LS, EV 92.5 MPH) Ray Sims to third Justin Moore to second Runner from 3rd tries for Home, SAFE, throw by CF to home
|
Batting: RHB Steve Jones
|
0-0: Swinging Strike Passed Ball! Justin Moore to third Matt O'Dea to second 0-1: Ball 1-1: Ball Passed Ball! Justin Moore scores Matt O'Dea to third 2-1: Called Strike 2-2: Fly out, F8 (Line Drive, 8LM, EV 106.2 MPH)
|
Top of the 8th over - 4 runs, 2 hits, 0 errors, 1 left on base; Baltimore (APP) 17 - Cleveland (APP) 12 |
BOTTOM OF THE 8TH |
Cleveland (APP) Indians batting - Pitching for Baltimore (APP) Orioles : LHP Randall Rennie
|
Batting: RHB Nick Murray
|
0-0: Ball 1-0: Ball 2-0: Ball 3-0: Foul Ball, location: 2F 3-1: Fly out, F9 (Flyball, 9LM, EV 101.2 MPH)
|
Batting: RHB Jeremy Givens
|
0-0: Ball 1-0: Called Strike 1-1: Ground out 6-3 (Groundball, 6, EV 108.1 MPH)
|
Batting: RHB Ricky Cordova
|
0-0: Ball 1-0: Ball 2-0: Ball 3-0: Base on Balls
|
Batting: RHB David Schweitzer
|
0-0: Ball 1-0: Called Strike 1-1: Ball 2-1: Ball 3-1: Base on Balls Ricky Cordova to second
|
Batting: RHB Matt Thompson
|
0-0: Called Strike 0-1: SINGLE (Groundball, 56D, EV 95.0 MPH) Ricky Cordova to third David Schweitzer to second
|
Batting: LHB John Harring
|
0-0: SINGLE (Groundball, 6S, EV 70.0 MPH) (infield hit) Ricky Cordova scores David Schweitzer to third Matt Thompson to second
|
Pitching: RHP Angel Gonzales
|
|
Batting: RHB Christian Blue
|
0-0: Swinging Strike 0-1: Swinging Strike 0-2: Ball 1-2: Ball 2-2: Ball 3-2: Strikes out swinging
|
Bottom of the 8th over - 1 run, 2 hits, 0 errors, 3 left on base; Baltimore (APP) 17 - Cleveland (APP) 13 |
TOP OF THE 9TH |
Baltimore (APP) Orioles batting - Pitching for Cleveland (APP) Indians : RHP Malachi Shelton
|
Batting: LHB Tomas de Zeeuw
|
0-0: Swinging Strike 0-1: Ground out 6-3 (Groundball, 6, EV 105.0 MPH)
|
Batting: RHB Ismael Macedo
|
0-0: Called Strike 0-1: Foul Ball, location: 2F 0-2: Ground out 2-3 (Groundball, 2L, EV 63.8 MPH)
|
Batting: RHB Matt Berrier
|
0-0: Ball 1-0: Reached on error, E5 (Groundball, 56, EV 85.6 MPH)
|
Batting: RHB Danny Baeza
|
0-0: Foul Ball, location: 2F 0-1: Called Strike 0-2: 2-RUN HOME RUN (Flyball, 7D, EV 96.2 MPH), Distance : 363 ft
|
Batting: RHB Ray Sims
|
0-0: Ball 1-0: Ball 2-0: Ball 3-0: Base on Balls
|
Batting: RHB Daniel Jackson
|
0-0: Called Strike 0-1: Ball 1-1: Swinging Strike Passed Ball! Ray Sims to second 1-2: Foul Ball, location: 2F 1-2: Ball 2-2: SINGLE (Flyball, 89M, EV 93.1 MPH) Ray Sims to third Runner from 3rd tries for Home, SAFE, throw by CF to home
|
Batting: LHB Justin Moore
|
0-0: Ball Wild Pitch! Daniel Jackson to second 1-0: Fly out, F9 (Line Drive, 9S, EV 98.1 MPH)
|
Top of the 9th over - 3 runs, 2 hits, 1 error, 1 left on base; Baltimore (APP) 20 - Cleveland (APP) 13 |
BOTTOM OF THE 9TH |
Cleveland (APP) Indians batting - Pitching for Baltimore (APP) Orioles : RHP Angel Gonzales
|
Pinch Hitting: RHB John Clark
|
0-0: Fly out, F3 (Line Drive, 3, EV 70.6 MPH)
|
Pinch Hitting: RHB Juan Gallardo
|
0-0: Called Strike 0-1: Ball 1-1: Ball 2-1: Fly out, F6 (Popup, 6, EV 72.5 MPH)
|
Pinch Hitting: RHB Joe Shade
|
0-0: Called Strike 0-1: Ball 1-1: Foul Ball, location: 2F 1-2: Ball 2-2: Ground out 6-3 (Groundball, 6, EV 85.0 MPH)
|
Bottom of the 9th over - 0 runs, 0 hits, 0 errors, 0 left on base; Baltimore (APP) 20 - Cleveland (APP) 13 |
|